 Dungeon Crawl Stone Soup version 0.23.2-40-g277498a001 (webtiles) character file.

Game seed: 6653686263514277302

14186 Devinter the Blocker (level 12, -23/97 HPs)
             Began as a Formicid Fighter on July 9, 2019.
             Was a Priest of Qazlal.
             Blown up by a lich (38 damage)
             ... with a wavering orb of destruction
             ... on level 1 of the Abyss on Sept 24, 2019.
             The game lasted 01:13:35 (11308 turns).

Devinter the Blocker (Formicid Fighter)            Turns: 11308, Time: 01:13:36

Health: -23/97     AC: 14    Str: 24    XL:     12   Next: 42%
Magic:  15/15      EV: 10    Int: 12    God:    Qazlal [***...]
Gold:   572        SH: 16    Dex:  8    Spells: 9/15 levels left

rFire    . . .     SeeInvis +   o - +7 sceptre of Torment {pain, torment, Base: Eveningstar}
rCold    . . .     Gourm    .   c - +0 shield
rNeg     . . .     Faith    .   D - +1 chain mail {rPois}
rPois    +         Spirit   .   (helmet unavailable)
rElec    .         Reflect  .   E - +0 cloak
rCorr    .         Harm     .   U - +0 pair of gloves (curse)
MR       ++...                  (no boots)
Stlth    ..........             (no amulet)
HPRegen  0.26/turn              l - ring of wizardry
MPRegen  0.14/turn              n - ring "Afajoeg" {*Contam MR+ Int+2 Dex+2}

@: no status effects
A: permanent stasis, dig shafts and tunnels, four strong arms, antennae 3,
[clumsy 2]
a: Dig, Shaft Self, Upheaval, Elemental Force, Renounce Religion


You were on level 1 of the Abyss.
You worshipped Qazlal.
Qazlal was most pleased with you.
You were not hungry.

You visited 2 branches of the dungeon, and saw 12 of its levels.
You visited the Abyss 1 time.

You collected 750 gold pieces.
You spent 178 gold pieces at shops.

Inventory:

Hand Weapons
 a - a +0 war axe
 b - a +2 flail of holy wrath
 o - the +7 sceptre of Torment (weapon) {pain, torment, Base: Eveningstar}
   (You found it on level 4 of the Dungeon)

   In the hands of one skilled in necromantic magic, it inflicts extra damage on
   living creatures.
 p - a +0 scythe of flaming
 v - a +0 dagger of electrocution
 B - a +0 halberd of venom
Missiles
 j - 78 arrows
 G - 49 bolts
 Z - a curare-tipped needle
Armour
 c - a +0 shield (worn)
 D - a +1 chain mail of poison resistance (worn)
 E - a +0 cloak (worn)
 N - the cursed +0 robe "Egifry" {rC+ Int+5 Dex-5}
   (You found it on level 6 of the Dungeon)

   It affects your intelligence (+5).
   It affects your dexterity (-5).
   It protects you from cold.
   It has a curse placed upon it.
 S - a +3 ring mail
 U - a cursed +0 pair of gloves (worn)
 X - a +2 robe of magic resistance
Magical Staves
 L - an uncursed staff of energy
Jewellery
 i - an uncursed ring of protection from fire
 l - a ring of wizardry (left hand)
 n - the ring "Afajoeg" (right hand) {*Contam MR+ Int+2 Dex+2}
   (You found it on level 4 of the Dungeon)

   [ring of dexterity]

   It affects your intelligence (+2).
   It affects your dexterity (+2).
   It affects your resistance to hostile enchantments.
   It causes magical contamination when unequipped.
 x - a +2 ring of dexterity
 K - an uncursed ring of wizardry
 M - an uncursed ring of resist corrosion
 Q - a cursed amulet of magic regeneration {unknown}
 T - an uncursed ring of flight {unknown}
Wands
 t - a wand of polymorph (2)
 C - a wand of acid (2)
 I - a wand of random effects (18)
 W - a wand of digging (6)
Scrolls
 e - 8 scrolls of teleportation
 g - 5 scrolls of identify
 h - 2 scrolls of enchant weapon
 k - 2 scrolls of amnesia {unknown}
 m - 3 scrolls of remove curse {unknown}
 r - 2 scrolls of blinking {unknown}
 s - 3 scrolls of fog {unknown}
 y - 2 scrolls of magic mapping {unknown}
 H - a scroll of noise {unknown}
 O - a scroll of fear {unknown}
Potions
 d - 3 potions of might
 q - 5 potions of curing
 u - a potion of degeneration {unknown}
 w - a potion of ambrosia {unknown}
 z - 3 potions of agility {unknown}
 A - 2 potions of heal wounds {unknown}
 F - 2 potions of mutation {unknown}
 J - 2 potions of brilliance
 P - 2 potions of flight {unknown}
 R - a potion of resistance {unknown}
 V - a potion of cancellation {unknown}
Comestibles
 f - 23 rations
 Y - 5 chunks of flesh


   Skills:
 - Level 10.0 Fighting
 - Level 6.8(8.7) Axes
 + Level 8.4(9.5) Maces & Flails
 + Level 8.7 Armour
 - Level 5.0 Dodging
 + Level 10.6 Shields
 - Level 2.0 Spellcasting
 - Level 5.0 Necromancy
 + Level 0.6 Invocations


You had 9 spell levels left.
You knew the following spells:

 Your Spells              Type           Power        Failure   Level  Hunger
a - Animate Skeleton      Necr           N/A          8%          1    ##.....
b - Apportation           Tloc           #.....       50%         1    ##.....
c - Call Imp              Summ           #.......     63%         2    ###....
d - Swiftness             Chrm/Air       #.......     63%         2    ###....

Your spell library contained the following spells:

 Spells                   Type           Power        Failure   Level  Hunger
 Confusing Touch          Hex            #.....       50%         1    ##.....
 Shock                    Conj/Air       #...         50%         1    ##.....
 Summon Small Mammal      Summ           #...         50%         1    ##.....
 Call Canine Familiar     Summ           #.......     85%         3    ####...
 Confuse                  Hex            #.......     85%         3    ####...
 Gell's Gravitas          Tloc           #.........   85%         3    ####...
 Static Discharge         Conj/Air       #.......     85%         3    ####...
 Summon Guardian Golem    Hex/Summ       #.......     85%         3    ####...
 Airstrike                Air            #.........   99%         4    #####..
 Petrify                  Tmut/Erth      #.......     99%         4    #####..
 Summon Ice Beast         Ice/Summ       #.......     99%         4    #####..
 Summon Lightning Spire   Summ/Air       #.......     99%         4    #####..
 Lightning Bolt           Conj/Air       #.........   100%        5    ######.
 Metabolic Englaciation   Hex/Ice        #.........   100%        5    ######.
 Yara's Violent Unravell  Hex/Tmut       #.........   100%        5    ######.


Dungeon Overview and Level Annotations

Branches:
Dungeon (11/15)            Temple (1/1) D:7            Lair (0/6) D:11
    Orc: D:9-12

Altars:
Ashenzari
Cheibriados
Dithmenos
Elyvilon
Fedhas
Gozag
Hepliaklqana
Kikubaaqudgha
Makhleb
Nemelex Xobeh
Okawaru
Qazlal
Ru
Sif Muna
Trog
Uskayaw
Vehumet
Wu Jian
Xom
Yredelemnul
Zin
The Shining One
Beogh

Shops:
D:5 *   D:8 =

Annotations:
D:11 Sonja


Innate Abilities, Weirdness & Mutations

You cannot be hasted, slowed, berserked, paralysed or teleported.
You can dig through walls and to a lower floor.
Your four strong arms can wield two-handed weapons with a shield.
You have a pair of large antennae on your head. (SInv)
[You are very clumsy. (Dex -4)]


Message History

You puncture the large abomination!
The large abomination is severely damaged.
The lich casts a spell.
The lich seems to speed up.
You block the large abomination's attack.
You sock the large abomination!
The large abomination is almost destroyed.
The wretched star pulses with an eldritch light!
You feel clumsy. x2
As you read the scroll labeled JUREJY BORUQ, it crumbles to dust.
You feel a strange sense of stasis.
It was a scroll of teleportation.
The lich conjures an orb of pure magic.
The wavering orb of destruction weakly hits you!!
* * * LOW HITPOINT WARNING * * *
As you read the scroll labeled VIM EKHIE, it crumbles to dust.
It is a scroll of enchant weapon.
Your +1 flail of holy wrath glows red for a moment.
The lich conjures an orb of pure magic.
The wavering orb of destruction weakly hits you!!!
You die...

.#.# .#.# ##.*# #
#...### ##.#... .
....... #...#
≈##### #.X###
≈.......{#L@# ≈.
.....##### ≈####
......#.. .. #..
...#......#......
.. .
'...#..#..... .
#... ...... . #
#...
.#...###....#.. .
.## #...≈. L ..#.
. .#..#
..#.≈....#####
...##


You could see a lich and a large abomination.

Vanquished Creatures
  Erolcha (D:9)
  2 two-headed ogres (D:10)
  The ghost of fritzmikael the Cleaver, a novice HOFi of Beogh (D:7)
  Nergalle (D:11)
  Pikel (D:6)
  An ugly thing (D:10)
  Joseph (D:7)
  A hornet (D:7)
  A troll (D:10)
  Sigmund (D:2)
  2 hippogriffs
  A wraith (Abyss:1)
  A wyvern (D:9)
  15 yaks
  2 shadows
  Eustachio (D:5)
  2 hungry ghosts
  Edmund (D:5)
  A water moccasin (D:9)
  3 porcupines (D:11)
  Duvessa (D:5)
  8 ice beasts
  2 sky beasts
  An orc warrior (D:9)
  4 slaves (D:6)
  4 phantoms
  11 ogres
  2 crocodiles (D:11)
  2 big kobolds (D:11)
  Blork the orc (D:6)
  7 bullfrogs
  A wyvern zombie (D:6)
  2 scorpions (D:5)
  Dowan (D:5)
  5 killer bees (D:7)
  2 howler monkeys
  3 crimson imps (D:6)
  6 hounds
  A jelly (D:7)
  2 orc priests
  Natasha (thrice) (D:2)
  4 iguanas
  7 orc wizards
  9 worker ants
  A hound zombie (D:6)
  2 hound skeletons
  A worker ant zombie (D:8)
  Robin (D:2)
  5 gnolls (D:8)
  17 adders
  A howler monkey skeleton (D:5)
  A shadow imp (D:6)
  9 oozes
  2 adder skeletons
  An adder zombie (D:7)
  10 worms
  2 dart slugs
  5 leopard geckos
  58 orcs
  A ball python (D:2)
  6 bats
  9 giant cockroaches
  18 goblins
  29 hobgoblins
  15 jackals
  A quokka (D:5)
  A ball python zombie (D:5)
  5 frilled lizards
  25 kobolds
  A quokka skeleton (D:6)
  12 rats
368 creatures vanquished.

Vanquished Creatures (others)
  2 fungi (D:11)
  A plant (D:11)
3 creatures vanquished.

Grand Total: 371 creatures vanquished

Notes
Turn   | Place    | Note
-------+----------+-------------------------------------------
     0 | D:1      | Devinter the Formicid Fighter began the quest for the Orb.
     0 | D:1      | Reached XP level 1. HP: 18/18 MP: 1/1
     1 | D:1      | Found a runed translucent door.
   141 | D:1      | Reached XP level 2. HP: 24/24 MP: 2/2
   192 | D:1      | Reached XP level 3. HP: 26/29 MP: 3/3
   199 | D:1      | Reached skill level 4 in Shields
   210 | D:1      | Reached XP level 4. HP: 33/37 MP: 4/4
   215 | D:1      | Reached skill level 3 in Axes
  1138 | D:2      | Reached skill level 4 in Fighting
  1138 | D:2      | Reached XP level 5. HP: 31/42 MP: 5/5
  1196 | D:2      | Reached skill level 4 in Armour
  1507 | D:2      | Noticed Natasha
  1522 | D:2      | Killed Natasha
  1766 | D:2      | Reached XP level 6. HP: 33/48 MP: 6/6
  1944 | D:2      | Noticed Sigmund
  1950 | D:2      | Killed Sigmund
  1950 | D:2      | Reached skill level 4 in Axes
  1950 | D:2      | Reached skill level 5 in Shields
  1957 | D:2      | Reached XP level 7. HP: 41/55 MP: 7/7
  2099 | D:2      | Noticed Natasha
  2107 | D:2      | Killed Natasha
  2218 | D:2      | Noticed Natasha
  2223 | D:2      | Killed Natasha
  2379 | D:3      | Found a blossoming altar of Fedhas.
  2896 | D:3      | Noticed Robin
  2958 | D:2      | Killed Robin
  2958 | D:2      | Reached skill level 5 in Axes
  3072 | D:3      | Reached skill level 5 in Fighting
  3342 | D:3      | Reached skill level 5 in Armour
  3749 | D:4      | HP: 4/56 [orc wizard/magic dart (6)]
  3881 | D:4      | HP: 5/56 [ogre/+0 giant spiked club (6)]
  3882 | D:4      | You fall through a shaft!
  3882 | D:5      | Entered Level 5 of the Dungeon
  4163 | D:4      | Upgraded the game from 0.23.2-33-g5129a83184 to
                  | 0.23.2-40-g277498a001
  4247 | D:4      | Reached XP level 8. HP: 16/63 MP: 8/8
  4511 | D:4      | Reached skill level 6 in Shields
  4518 | D:4      | Reached skill level 6 in Fighting
  4755 | D:4      | Found a hazy altar of Hepliaklqana.
  4772 | D:4      | Got a scintillating silver ring
  4778 | D:4      | Identified the ring "Afajoeg" {*Contam MR+ Int+2 Dex+2}
                  | (You found it on level 4 of the Dungeon)
  4828 | D:4      | Reached skill level 6 in Axes
  5038 | D:4      | Found the +7 sceptre of Torment {pain, torment}
  5106 | D:4      | Reached skill level 7 in Shields
  5168 | D:4      | Learned a level 1 spell: Animate Skeleton
  5170 | D:4      | Learned a level 1 spell: Apportation
  5173 | D:4      | Learned a level 2 spell: Call Imp
  5294 | D:4      | Reached XP level 9. HP: 68/71 MP: 9/9
  5359 | D:4      | Reached skill level 1 in Maces & Flails
  5359 | D:4      | Reached skill level 1 in Necromancy
  5360 | D:4      | Reached skill level 7 in Fighting
  5360 | D:4      | Reached skill level 1 in Spellcasting
  5376 | D:4      | Reached skill level 2 in Maces & Flails
  5376 | D:4      | Reached skill level 2 in Necromancy
  5556 | D:5      | Reached skill level 2 in Spellcasting
  5616 | D:5      | Noticed Dowan
  5620 | D:5      | Noticed Duvessa
  5621 | D:5      | Killed Dowan
  5627 | D:5      | Killed Duvessa
  5688 | D:5      | Noticed Edmund
  5699 | D:5      | Killed Edmund
  5889 | D:5      | Reached skill level 8 in Shields
  5929 | D:5      | Found Aloira Weic's Assorted Antiques.
  5932 | D:5      | Reached skill level 3 in Maces & Flails
  5937 | D:5      | Bought a purple potion for 20 gold pieces
  5937 | D:5      | Bought a scroll labeled VIM EKHIE for 23 gold pieces
  5937 | D:5      | Bought a scroll labeled TOENAU HERIUCK for 23 gold pieces
  5937 | D:5      | Bought a short iron wand for 92 gold pieces
  5939 | D:5      | Noticed Eustachio
  5953 | D:5      | Killed Eustachio
  6399 | D:6      | Noticed Pikel
  6402 | D:6      | Noticed Blork the orc
  6432 | D:6      | Reached skill level 8 in Fighting
  6502 | D:6      | Killed Pikel
  6502 | D:6      | Reached skill level 4 in Maces & Flails
  6502 | D:6      | Reached skill level 9 in Shields
  6502 | D:6      | Reached XP level 10. HP: 75/82 MP: 13/13
  6515 | D:6      | Killed Blork the orc
  6882 | D:6      | Got a shimmering robe
  6889 | D:6      | Identified the cursed +0 robe "Egifry" {rC+ Int+5 Dex-5}
                  | (You found it on level 6 of the Dungeon)
  7083 | D:6      | Reached skill level 5 in Maces & Flails
  7209 | D:7      | Noticed Joseph
  7226 | D:7      | Killed Joseph
  7226 | D:7      | Reached skill level 9 in Fighting
  7510 | D:7      | Found a runed translucent gate.
  7510 | D:7      | Found a runed translucent gate.
  7510 | D:7      | Found a runed translucent gate.
  7510 | D:7      | Noticed fritzmikael's ghost (novice HOFi)
  7523 | D:7      | Reached skill level 3 in Necromancy
  7626 | D:7      | Reached skill level 1 in Dodging
  7878 | D:7      | Found a staircase to the Ecumenical Temple.
  7913 | Temple   | Entered the Ecumenical Temple
  8033 | Temple   | Became a worshipper of Qazlal Stormbringer
  8224 | D:7      | Killed fritzmikael's ghost
  8224 | D:7      | Reached skill level 2 in Dodging
  8224 | D:7      | Reached skill level 10 in Shields
  8224 | D:7      | Reached XP level 11. HP: 79/89 MP: 14/14
  8315 | D:8      | Found Rilicyxt's Jewellery Shop.
  8321 | D:8      | Bought a cursed -5 ring of evasion for 20 gold pieces
  8343 | D:8      | Reached skill level 6 in Maces & Flails
  8899 | D:8      | Reached * piety under Qazlal
  8929 | D:8      | Reached skill level 4 in Necromancy
  9182 | D:9      | Found a roughly hewn altar of Beogh.
  9183 | D:9      | Reached skill level 6 in Armour
  9186 | D:9      | Reached ** piety under Qazlal
  9395 | D:9      | Learned a level 2 spell: Swiftness
  9404 | D:9      | Reached skill level 3 in Dodging
  9428 | D:9      | Noticed Erolcha
  9444 | D:9      | HP: 4/90 [Erolcha/orb of energy (18)]
  9445 | D:9      | Killed Erolcha
  9844 | D:9      | Reached skill level 10 in Fighting
 10160 | D:10     | Entered Level 10 of the Dungeon
 10166 | D:10     | Noticed a two-headed ogre
 10174 | D:10     | Killed a two-headed ogre
 10174 | D:10     | Reached skill level 5 in Necromancy
 10270 | D:10     | Noticed a two-headed ogre
 10281 | D:10     | Killed a two-headed ogre
 10281 | D:10     | Reached skill level 7 in Maces & Flails
 10281 | D:10     | Reached skill level 7 in Armour
 10281 | D:10     | Reached skill level 4 in Dodging
 10335 | D:10     | Reached *** piety under Qazlal
 10410 | D:10     | Noticed a red ugly thing
 10417 | D:10     | Killed a red ugly thing
 10864 | D:11     | Reached XP level 12. HP: 97/97 MP: 15/15
 10980 | D:11     | Noticed Nergalle
 10994 | D:11     | Killed Nergalle
 11170 | D:11     | Reached skill level 8 in Armour
 11170 | D:11     | Reached skill level 5 in Dodging
 11185 | D:11     | Reached skill level 8 in Maces & Flails
 11196 | D:11     | Reached **** piety under Qazlal
 11211 | D:11     | Found a staircase to the Lair.
 11230 | D:11     | Noticed Sonja
 11247 | D:11     | Cast into level 1 of the Abyss (Sonja)
 11285 | Abyss:1  | Noticed a lich
 11300 | Abyss:1  | Noticed a wretched star
 11308 | Abyss:1  | Blown up by a lich

Skill      XL: |  1  2  3  4  5  6  7  8  9 10 11 12 |
---------------+-------------------------------------+-----
Shields        | 4 5 7 9 10 | 10.6
Axes           | 3 4 5 6 |  6.8
Fighting       | 4 5 6 8 9 10 | 10.0
Armour         | 4 5 7 8 |  8.7
Maces & Flails | 4 5 7 8 |  8.4
Necromancy     | 2 3 5 |  5.0
Spellcasting   | 2 |  2.0
Dodging        | 2 4 5 |  5.0
Invocations    | |  0.6

Action                   |  1- 3 |  4- 6 |  7- 9 | 10-12 || total
-------------------------+-------+-------+-------+-------++-------
Melee: War axe           |    55 |   196 |   245 |       ||   496
       Eveningstar       |       |       |   101 |   418 ||   519
Invok: Upheaval          |       |       |       |     1 ||     1
 Abil: Dig               |       |       |     4 |     1 ||     5
       Shaft Self        |       |       |     1 |       ||     1
Evoke: Wand              |       |       |     6 |    14 ||    20
  Use: Potion            |       |     1 |     2 |     1 ||     4
       Scroll            |       |       |     1 |     5 ||     6
  Eat: Chunk             |       |     4 |    15 |    12 ||    31
       Ration            |       |       |       |     2 ||     2
Armor: Scale mail        |    21 |    96 |    54 |       ||   171
       Skin              |       |       |     5 |     2 ||     7
       Chain mail        |       |       |    27 |   121 ||   148
Dodge: Dodged            |    12 |    78 |    95 |    94 ||   279
Block: Shield            |    23 |   130 |   157 |   268 ||   578
